 Dungeon Crawl Stone Soup version 0.21.0-3-g78d12a8 (console) character file.

158845 removed the Earth Mage (level 16, -1/132 HPs)
             Began as a Demigod Wanderer on Jan 14, 2018.
             Succumbed to a trident of venom's poison
             ... on level 2 of the Elven Halls.
             The game lasted 01:51:25 (48097 turns).

removed the Earth Mage (Demigod Wanderer)          Turns: 48097, Time: 01:51:26

Health: -1/132     AC: 15    Str: 17    XL:     16   Next: 60%
Magic:  3/36       EV: 17    Int: 35    God:
Gold:   1005       SH:  0    Dex: 14    Spells: 9/37 levels left

rFire    . . .     SeeInvis +   a - +6 lajatang {elec, rElec rN+ SInv}
rCold    . . .     Gourm    +   (shield currently unavailable)
rNeg     + . .     Faith    .   M - +1 leather armour "Pimeichy" {Str+3 Int+5 Stlth+}
rPois    .         Spirit   .   r - +3 crown of Dyrovepreva {rElec Int+2 SInv}
rElec    +         Reflect  .   H - +0 cloak
rCorr    .         Harm     .   I - +0 pair of gloves of the Republic {MR+ Stlth+}
MR       ++...                  p - +0 pair of boots
Stlth    +++.......             x - amulet of the gourmand
HPRegen  0.32/turn              y - +5 ring of protection
MPRegen  0.25/turn              s - +3 ring of slaying

@: lethally poisoned (-1 -> -60), very slightly contaminated
A: high mp 1
a: no special abilities


You were on level 2 of the Elven Halls.
You were not hungry.

You visited 5 branches of the dungeon, and saw 27 of its levels.
You visited 1 bazaar.
You also visited: Labyrinth and Ossuary.

You collected 3439 gold pieces.
You spent 2434 gold pieces at shops.

Inventory:

Hand Weapons
 a - the +6 lajatang of Luxury (weapon) {elec, rElec rN+ SInv}
   (You found it on level 10 of the Dungeon)

   Occasionally, upon striking a foe, it will discharge some electrical energy
   and cause terrible harm.
   It insulates you from electricity.
   It protects you from negative energy.
   It lets you see invisible.
 b - a +0 blowgun
 K - a +0 lajatang
Armour
 p - a +0 pair of boots (worn)
 r - the +3 crown of Dyrovepreva (worn) {rElec Int+2 SInv}
   (You bought it in a shop in a bazaar)

   It affects your intelligence (+2).
   It insulates you from electricity.
   It lets you see invisible.
 H - a +0 cloak (worn)
 I - the +0 pair of gloves of the Republic (worn) {MR+ Stlth+}
   (You acquired it on level 15 of the Dungeon)

   It affects your resistance to hostile enchantments.
   It makes you more stealthy.
 M - the +1 leather armour "Pimeichy" (worn) {Str+3 Int+5 Stlth+}
   (You found it in a labyrinth)

   It affects your strength (+3).
   It affects your intelligence (+5).
   It makes you more stealthy.
 W - a +2 robe of resistance
Magical Staves
 e - an uncursed staff of energy
Jewellery
 f - an uncursed ring of fire
 h - an uncursed ring of see invisible
 i - an uncursed ring of ice
 m - an uncursed ring of protection from magic
 s - a +3 ring of slaying (right hand)
 v - an uncursed amulet of magic regeneration
 x - an amulet of the gourmand (around neck)
 y - a +5 ring of protection (left hand)
Wands
 c - a wand of clouds (5)
 d - a wand of paralysis (43)
 J - a wand of disintegration (16)
 X - a wand of digging (52)
 Z - a wand of iceblast (8)
Scrolls
 g - 4 scrolls of fear
 n - 18 scrolls of remove curse
 t - a scroll of brand weapon
 u - 3 scrolls of fog
 z - 6 scrolls of amnesia
 C - 11 scrolls of teleportation
 G - 6 scrolls of enchant weapon
 N - 4 scrolls of blinking
 P - 2 scrolls of holy word
 S - 3 scrolls of magic mapping
 V - 8 scrolls of identify
 Y - 6 scrolls of enchant armour
Potions
 j - 2 potions of cancellation
 k - a potion of ambrosia
 l - 4 potions of might
 o - 9 potions of curing
 q - 8 potions of brilliance
 w - 2 potions of mutation
 A - 4 potions of haste
 B - 11 potions of heal wounds
 D - 4 potions of resistance
 E - 5 potions of agility
 O - 2 potions of invisibility
 R - 4 potions of flight
 T - a potion of magic
 U - 4 potions of berserk rage
Books
 F - a book of Battle

   Spells                             Type                      Level
   a - Infusion                       Charms                       1
   b - Shroud of Golubria             Charms/Translocation         2
   c - Song of Slaying                Charms                       2
   d - Spectral Weapon                Hexes/Charms                 3
   e - Regeneration                   Charms/Necromancy            3
Comestibles
 L - 46 rations


   Skills:
 - Level 9.0 Fighting
 - Level 14.0 Staves
 - Level 1.0 Throwing
 - Level 9.0 Dodging
 - Level 1.0 Stealth
 + Level 11.3 Spellcasting
 - Level 9.0 Conjurations
 - Level 4.1 Charms
 - Level 4.1 Necromancy
 - Level 1.7 Translocations
 - Level 1.7 Fire Magic
 - Level 1.0 Air Magic
 - Level 15.0 Earth Magic


You had 9 spell levels left.
You knew the following spells:

 Your Spells              Type           Power        Failure   Level  Hunger
a - Stone Arrow           Conj/Erth      ######       1%          3    None
b - Iron Shot             Conj/Erth      #######...   2%          6    ####...
c - Magic Dart            Conj           ####         1%          1    None
d - Lee's Rapid Deconstr  Erth           #######...   1%          5    #......
e - Regeneration          Chrm/Necr      #####.....   1%          3    None
g - Conjure Flame         Conj/Fire      ######..     1%          3    None
l - Blink                 Tloc           N/A          1%          2    None
m - Mephitic Cloud        Conj/Pois/Air  #####...     1%          3    None
P - Passwall              Tmut/Erth      ######....   1%          2    None


Dungeon Overview and Level Annotations

Branches:
Dungeon (15/15)            Temple (0/1) D:5            Lair (6/6) D:9
  Swamp (2/4) Lair:3       Spider (0/4) Lair:3        Slime (0/5) Lair:6
    Orc (2/2) D:9             Elf (2/3) Orc:2        Vaults (0/5) D:14
 Depths (0/5) D:15

Shops:
D:4 :   D:10 (   D:12 [   D:15 %}   Orc:1 [   Orc:2 %?(

Annotations:
Lair:5 exclusion: downstairs
Elf:2 2 runed doors


Innate Abilities, Weirdness & Mutations

You have an increased reservoir of magic. (+10% MP)


Message History

Unknown command.
Blink to where?
Press: ? - help, Dir - move target cursor, p - glaive of venom
As you read the scroll of blinking, it crumbles to dust.
A dancing weapon and a deep elf mage come into view.
There is a vampiric glaive.
Your surroundings seem slightly different.
* * * LOW HITPOINT WARNING * * *
You feel very sick.
The trident of venom hits you from afar!
* * * LOW HITPOINT WARNING * * *
You are more poisoned.
The deep elf mage mumbles some strange words.
The deep elf mage blinks!
A dire flail of draining comes into view.
Unknown command.
Blink to where?
Press: ? - help, Dir - move target cursor
As you read the scroll of blinking, it crumbles to dust.
You die...

## ### # ## # .####.##
#.####.## ..#
..##...##...##...##.....
....)§e§........@.......
.......(e...............
.......#...........#....
#.....###.........## ...
##...## ##)......## .
##§..###ee.......
#....#..........
.......§.(......
................


You could see 2 deep elf magi and a trident of venom.

Vanquished Creatures
  Saint Roka (Orc:2)
  Nikola (Swamp:1)
  Rupert (Lair:5)
  Gastronok (D:9)
  Louise (Swamp:1)
  An entropy weaver (shapeshifter) (Elf:2)
  Nessos (D:13)
  A deep elf annihilator (Elf:1)
  A deep elf death mage (Elf:2)
  A fire dragon (D:15)
  A minotaur (Lab)
  Josephine (D:13)
  A great orb of eyes (D:15)
  A deep elf high priest (Elf:2)
  The ghost of MTVSty1e the Geomancer, a journeyman DEEE of Vehumet (Lair:2)
  An ice dragon (D:15)
  A rakshasa (D:14)
  Erolcha (Orc:2)
  10 hydras
  6 centaur warriors
  A catoblepas (Lair:6)
  A death yak (D:8)
  An ogre mage (D:15)
  19 dancing weapons
  A queen ant (Lair:2)
  A death knight (D:14)
  9 two-headed ogres
  2 tengu warriors (D:15)
  3 orc high priests (Orc:2)
  11 deep elf knights
  A skeletal warrior (D:14)
  7 unseen horrors
  3 swamp dragons (Swamp:1)
  7 deep elf archers
  6 orc knights
  2 wolf spiders
  A necromancer (Lair:6)
  4 ugly things
  4 orc sorcerers
  A wizard (D:15)
  A wolf spider zombie (D:14)
  6 cyclopes
  An oklob plant (Lair:4)
  41 deep elf magi
  2 manticores
  2 centaur zombies
  6 black mambas
  2 gargoyles
  A guardian serpent (Lair:6)
  15 spiny frogs
  4 yaktaurs (D:15)
  Psyche (D:10)
  3 rime drakes
  8 komodo dragons
  2 kobold demonologists
  8 trolls
  A wolf spider simulacrum (D:15)
  4 hornets
  3 tyrant leeches
  35 blink frogs
  14 slime creatures
  10 hippogriffs
  5 redbacks
  A vampire (D:14)
  4 shadows
  A tarantella (D:14)
  9 wyverns
  A spriggan (D:9)
  2 water elementals (Elf:2)
  The ghost of removed the Skirmisher, an amateur DgWn (D:4)
  A hog (shapeshifter) (Elf:1)
  24 yaks
  5 wraiths (D:13)
  A fire elemental (Elf:2)
  7 basilisks
  16 humans (D:14)
  2 hungry ghosts
  A steam dragon (D:12)
  Grum (D:10)
  9 vampire mosquitoes
  3 insubstantial wisps (Swamp:1)
  3 swamp worms (Swamp:1)
  2 wargs
  28 water moccasins
  21 soldier ants
  2 acid dragons
  4 black bears
  14 porcupines
  2 ice beasts (D:11)
  2 sky beasts
  4 swamp drakes (Swamp:1)
  24 orc warriors
  An eye of draining (D:10)
  9 ogres
  3 phantoms
  4 boggarts (D:15)
  24 wolves
  13 centaurs
  13 crocodiles
  An elf zombie (Ossuary)
  10 bullfrogs
  3 big kobolds
  A gnoll sergeant (D:6)
  An earth elemental (Elf:2)
  A wyvern zombie (D:13)
  2 wyvern skeletons
  A water moccasin skeleton (D:5)
  A scorpion (D:7)
  6 killer bees (D:8)
  5 wights (D:14)
  5 howler monkeys
  6 crimson imps
  A bullfrog zombie (D:5)
  5 jellies
  12 orc priests
  A gnoll shaman (D:4)
  4 hounds
  2 bullfrog skeletons
  3 centaur skeletons
  22 orc wizards
  Jessica (D:3)
  5 iguanas
  35 worker ants
  A hell rat (D:9)
  A yak simulacrum (Lair:6)
  Terence (D:2)
  3 polar bear simulacra (Lair:6)
  4 wolf simulacra (Lair:6)
  A hound zombie (D:5)
  3 mummies (Ossuary)
  7 gnolls
  9 adders
  A river rat (D:9)
  2 shadow imps (D:12)
  2 oozes (Lair:6)
  3 adder zombies (Ossuary)
  2 adder skeletons
  A worm (D:5)
  10 dart slugs (D:3)
  7 leopard geckos
  53 orcs
  A ball python (D:1)
  4 bats (D:2)
  3 giant cockroaches
  7 goblins
  7 hobgoblins
  11 jackals
  19 kobolds
  4 quokkas
  8 frilled lizards
  4 goblin zombies (Ossuary)
  3 hobgoblin zombies (Ossuary)
  A kobold zombie (Ossuary)
  An orc zombie (Ossuary)
  A quokka skeleton (D:9)
  2 quokka zombies (Ossuary)
  10 rats
  3 rat zombies (Ossuary)
  3 river rat simulacra (Lair:6)
  A fungus (Lair:5)
894 creatures vanquished.

Vanquished Creatures (others)
  A floating eye (Elf:2)
  An orc priest (Orc:2)
  2 orcs
  20 fungi
  16 plants
40 creatures vanquished.

Grand Total: 934 creatures vanquished

Notes
Turn   | Place    | Note
-------+----------+-------------------------------------------
     0 | D:1      | removed the Demigod Wanderer began the quest for the Orb.
     0 | D:1      | removed set off with: a book of Minor Magic, the Grimoire of Changing, a scroll of teleportation, a +0 robe, a +0 club, a ration
     0 | D:1      | Reached XP level 1. HP: 14/14 MP: 6/6
     0 | D:1      | Identified the Grimoire of Changing
     2 | D:1      | Learned a level 1 spell: Magic Dart
   438 | D:1      | Reached skill level 1 in Conjurations
   642 | D:1      | Reached XP level 2. HP: 20/20 MP: 5/8
  1217 | D:2      | Noticed Terence
  1222 | D:2      | Learned a level 2 spell: Blink
  1326 | D:2      | Reached XP level 3. HP: 26/26 MP: 7/9
  1581 | D:2      | Learned a level 3 spell: Conjure Flame
  1894 | D:2      | Found a stormy altar of Qazlal.
  2713 | D:3      | Reached XP level 4. HP: 33/33 MP: 6/10
  3146 | D:3      | Noticed Jessica
  3150 | D:3      | Killed Jessica
  4115 | D:4      | Reached XP level 5. HP: 35/38 MP: 3/11
  4230 | D:4      | Learned a level 3 spell: Mephitic Cloud
  4233 | D:4      | Found a shattered altar of Ashenzari.
  4236 | D:4      | Noticed a phantom
  4250 | D:4      | Killed a phantom
  4250 | D:4      | Reached skill level 5 in Conjurations
  4378 | D:4      | Noticed an ogre
  4403 | D:4      | Killed an ogre
  4403 | D:4      | Reached XP level 6. HP: 45/45 MP: 1/13
  4759 | D:4      | Noticed removed's ghost (amateur DgWn)
  4785 | D:4      | Killed removed's ghost
  4918 | D:4      | Found Diuwowni's Book Shop.
  4994 | D:4      | Found an opulent altar of Gozag.
  5028 | D:4      | Found an ornate altar of the Wu Jian Council.
  5157 | D:4      | Reached XP level 7. HP: 49/50 MP: 13/16
  5186 | D:4      | Reached skill level 1 in Fighting
  5486 | D:5      | Entered Level 5 of the Dungeon
  6644 | D:5      | Reached XP level 8. HP: 64/64 MP: 13/17
  6646 | D:5      | Found a shadowy altar of Dithmenos.
  6806 | D:5      | Found a stormy altar of Qazlal.
  6827 | D:5      | Found a staircase to the Ecumenical Temple.
  7188 | D:6      | Found a blossoming altar of Fedhas.
  7391 | D:6      | Found an ancient bone altar of Kikubaaqudgha.
  7392 | D:6      | Found an iron altar of Okawaru.
  7400 | D:6      | Reached skill level 5 in Spellcasting
  7567 | D:6      | Found a radiant altar of Vehumet.
  7617 | D:6      | Found a sand-covered staircase.
  7627 | Ossuary  | Entered an ossuary
  9240 | D:7      | Reached skill level 5 in Fighting
  9240 | D:7      | Reached skill level 5 in Dodging
  9297 | D:7      | Reached XP level 9. HP: 68/74 MP: 4/20
  9485 | D:7      | Got a fine spear
  9492 | D:7      | Identified the +4 spear "Killer Klown's Death" {holy, rPois rN+ Int-5} (You found it on level 7 of the Dungeon)
  9630 | D:7      | Found a shimmering altar of Xom.
  9635 | D:7      | Found a radiant altar of Vehumet.
  9635 | D:7      | Found a stormy altar of Qazlal.
  9777 | D:7      | Found a shadowy altar of Dithmenos.
  9777 | D:7      | Found a shimmering altar of Xom.
  9777 | D:7      | Found a hazy altar of Hepliaklqana.
 10092 | D:4      | Bought a book of Geomancy for 420 gold pieces
 10096 | D:4      | Learned a level 3 spell: Stone Arrow
 10195 | D:2      | Killed Terence
 10526 | D:8      | Reached skill level 1 in Earth Magic
 11119 | D:8      | Reached skill level 2 in Earth Magic
 11133 | D:8      | Reached skill level 3 in Earth Magic
 11507 | D:9      | Noticed a two-headed ogre
 11521 | D:9      | Killed a two-headed ogre
 11521 | D:9      | Reached skill level 5 in Earth Magic
 11641 | D:9      | Noticed Gastronok
 11774 | D:9      | Killed Gastronok
 11774 | D:9      | Reached skill level 7 in Earth Magic
 11774 | D:9      | Reached XP level 10. HP: 81/81 MP: 0/21
 11938 | D:9      | Noticed a death yak
 11941 | D:9      | Found a staircase to the Lair.
 12020 | D:8      | Killed a death yak
 12020 | D:8      | Reached skill level 8 in Earth Magic
 12567 | D:9      | Learned a level 3 spell: Regeneration
 12720 | D:9      | Found a staircase to the Orcish Mines.
 12793 | D:10     | Entered Level 10 of the Dungeon
 12889 | D:10     | Reached skill level 9 in Earth Magic
 13218 | D:10     | Got a jewelled lajatang
 13219 | D:10     | Identified the +6 lajatang of Luxury {elec, rElec rN+ SInv} (You found it on level 10 of the Dungeon)
 13599 | D:10     | Noticed Grum
 13606 | D:10     | Killed Grum
 13618 | D:10     | Reached skill level 10 in Earth Magic
 13945 | D:10     | Noticed a two-headed ogre
 13951 | D:10     | Killed a two-headed ogre
 14159 | D:10     | Noticed Psyche
 14165 | D:10     | Killed Psyche
 14425 | D:10     | Reached skill level 1 in Staves
 14456 | D:10     | Found Qogova Lyoc's Antique Weapon Boutique.
 14596 | D:11     | Noticed a green ugly thing
 14626 | D:10     | Killed a green ugly thing
 14626 | D:10     | Reached XP level 11. HP: 81/86 MP: 8/24
 15076 | D:11     | Noticed an unseen horror
 15085 | D:11     | Killed an unseen horror
 15267 | D:11     | Noticed an unseen horror
 15339 | D:11     | Reached skill level 5 in Staves
 15490 | D:11     | Noticed a two-headed ogre
 15533 | D:11     | Killed a two-headed ogre
 16033 | D:11     | Got a pair of crude gloves
 16044 | D:11     | Identified the +1 pair of gloves "Citet" {rF- rN++} (You found it on level 11 of the Dungeon)
 16386 | D:11     | Killed an unseen horror
 16551 | Lair:1   | Entered Level 1 of the Lair of Beasts
 17626 | Lair:1   | Learned a level 5 spell: Lee's Rapid Deconstruction
 17929 | Lair:2   | Noticed a four-headed hydra
 18286 | Lair:2   | Noticed MTVSty1e's ghost (journeyman DEEE)
 18295 | Lair:2   | Killed MTVSty1e's ghost
 18295 | Lair:2   | Reached XP level 12. HP: 85/94 MP: 1/25
 18478 | Lair:2   | Killed a four-headed hydra
 18478 | Lair:2   | Reached skill level 10 in Staves
 21471 | Lair:3   | Noticed a four-headed hydra
 21926 | Lair:3   | Found a staircase to the Swamp.
 21943 | Lair:3   | Killed a four-headed hydra
 22187 | Lair:3   | Found a hole to the Spider Nest.
 22527 | Lair:3   | Learned a level 6 spell: Iron Shot
 23491 | Lair:4   | Reached XP level 13. HP: 105/105 MP: 19/29
 23763 | Lair:4   | Found an opulent altar of Gozag.
 23829 | Lair:4   | Reached skill level 11 in Earth Magic
 24866 | Lair:5   | Found a labyrinth entrance.
 24875 | Lab      | Entered a labyrinth
 25147 | Lab      | Reached skill level 12 in Earth Magic
 25149 | Lab      | Got a translucent chain mail
 25183 | Lab      | Identified the +4 chain mail "Zymo" {rPois MR+ Int-2} (You took it off a minotaur in a labyrinth)
 25207 | Lab      | Learned a level 2 spell: Passwall
 25209 | Lab      | Got a crude leather armour
 25220 | Lab      | Identified the +1 leather armour "Pimeichy" {Str+3 Int+5 Stlth+} (You found it in a labyrinth)
 25925 | Lair:6   | Entered Level 6 of the Lair of Beasts
 26171 | Lair:6   | Found a runed door.
 26171 | Lair:6   | Found a viscous altar of Jiyva.
 26171 | Lair:6   | Found a staircase to the Slime Pits.
 28110 | Lair:6   | Paralysed by a hornet for 2 turns
 28730 | Lair:6   | Noticed Rupert
 28743 | Lair:6   | Paralysed by Rupert for 4 turns
 28777 | Lair:5   | Killed Rupert
 29831 | Lair:6   | Got a pitted hunting sling
 30424 | D:12     | Reached XP level 14. HP: 98/113 MP: 2/30
 31514 | D:12     | Found Lassik's Antique Armour Shoppe.
 31957 | D:12     | Bought an encrusted buckler for 209 gold pieces
 31963 | D:12     | Identified the +0 buckler of the Learner {rPois rC+++ Regen+ Int-4} (You bought it in a shop on level 12 of the Dungeon)
 32080 | Orc:1    | Entered Level 1 of the Orcish Mines
 32419 | Orc:1    | Found Iferoul's Armour Boutique.
 32548 | Orc:2    | Entered Level 2 of the Orcish Mines
 32557 | Orc:2    | Found a staircase to the Elven Halls.
 33222 | Orc:2    | Noticed Saint Roka
 33589 | Orc:2    | Noticed Erolcha
 33726 | Orc:2    | Killed Erolcha
 34321 | Orc:2    | Killed Saint Roka
 34321 | Orc:2    | Reached skill level 13 in Earth Magic
 35383 | Orc:2    | Found Maothoet's Weapon Emporium.
 35383 | Orc:2    | Found Pynluicw's Magic Scroll Boutique.
 35385 | Orc:2    | Found Jufoung's Food Emporium.
 35385 | Orc:2    | Found Qatipp's Food Boutique.
 35851 | D:13     | Noticed Nessos
 35857 | D:13     | Killed Nessos
 36449 | D:13     | Noticed Josephine
 36466 | D:13     | Reached skill level 14 in Earth Magic
 36469 | D:13     | Killed Josephine
 37939 | D:14     | Reached skill level 15 in Earth Magic
 38063 | D:14     | Found a gate to the Vaults.
 38167 | D:14     | Reached XP level 15. HP: 106/121 MP: 27/31
 38619 | D:14     | Found a basalt altar of Yredelemnul.
 39396 | D:15     | Entered Level 15 of the Dungeon
 40046 | D:15     | Reached skill level 10 in Spellcasting
 40280 | D:15     | Found Ujiev's Gadget Shop.
 40461 | D:15     | Found a staircase to the Depths.
 40761 | D:15     | Found Etisereg's Food Shoppe.
 41343 | D:15     | Identified a scroll of acquirement
 41344 | D:15     | Got a pair of ichor-stained gloves
 41355 | D:15     | Identified the +0 pair of gloves of the Republic {MR+ Stlth+} (You acquired it on level 15 of the Dungeon)
 41707 | Swamp:1  | Entered Level 1 of the Swamp
 42057 | Swamp:1  | Noticed Nikola
 42070 | Swamp:1  | Noticed Louise
 42077 | Swamp:1  | Killed Nikola
 43341 | Swamp:1  | Killed Louise
 43897 | Elf:1    | Entered Level 1 of the Elven Halls
 44364 | Elf:1    | Found a flickering gateway to a bazaar.
 44366 | Bazaar   | Entered a bazaar
 44366 | Bazaar   | Found Ytumurpho's General Store.
 44366 | Bazaar   | Found Joathemurgh's Distillery.
 44366 | Bazaar   | Found Qeulaf's Magic Scroll Boutique.
 44366 | Bazaar   | Found Xulaamew's Food Boutique.
 44366 | Bazaar   | Found Fyeluigg's General Store.
 44366 | Bazaar   | Found Temnunox's Magic Scroll Shop.
 44486 | Bazaar   | Bought the +3 crown of Dyrovepreva {rElec Int+2 SInv} for 745 gold pieces
 44486 | Bazaar   | Found the +3 crown of Dyrovepreva {rElec Int+2 SInv}
 44503 | Bazaar   | Bought a scroll of blinking for 82 gold pieces
 44503 | Bazaar   | Bought a scroll of blinking for 82 gold pieces
 44505 | Bazaar   | Bought a potion of haste for 120 gold pieces
 44505 | Bazaar   | Bought a potion of heal wounds for 60 gold pieces
 44505 | Bazaar   | Bought a potion of heal wounds for 60 gold pieces
 44505 | Bazaar   | Bought a potion of heal wounds for 60 gold pieces
 44529 | Bazaar   | Bought a scroll of brand weapon for 280 gold pieces
 44533 | Bazaar   | Bought a potion of curing for 36 gold pieces
 44533 | Bazaar   | Bought a potion of agility for 48 gold pieces
 44535 | Bazaar   | Bought a scroll of fear for 49 gold pieces
 44535 | Bazaar   | Bought a scroll of identify for 28 gold pieces
 44539 | Bazaar   | Bought a scroll of teleportation for 54 gold pieces
 44546 | Bazaar   | Bought a scroll of teleportation for 21 gold pieces
 44546 | Bazaar   | Bought a scroll of fog for 14 gold pieces
 44546 | Bazaar   | Bought a scroll of fear for 24 gold pieces
 44548 | Bazaar   | Bought a scroll of identify for 14 gold pieces
 44548 | Bazaar   | Bought a scroll of identify for 14 gold pieces
 44548 | Bazaar   | Bought a scroll of identify for 14 gold pieces
 44651 | Elf:1    | Reached XP level 16. HP: 81/132 MP: 5/35
 45192 | Elf:1    | Reached skill level 1 in Charms
 45192 | Elf:1    | Reached skill level 1 in Necromancy
 45565 | Elf:1    | Identified the Catalogue of Confrontation
 46496 | Elf:2    | Found a large runed door.
 46496 | Elf:2    | Found a large runed door.
 46521 | Elf:2    | Found a large runed door.
 46521 | Elf:2    | Found a large runed door.
 48096 | Elf:2    | HP: 4/132 [trident of venom (11)]
 48097 | Elf:2    | Succumbed to a trident of venom's poison

Skill      XL: |  1  2  3  4  5  6  7  8  9 10 11 12 13 14 15 16 |
---------------+-------------------------------------------------+-----
Conjurations   | 1 2 3 4 5 6 7 8 9 |  9.0
Spellcasting   | 4 5 6 8 10 11 | 11.3
Fighting       | 3 5 7 8 9 |  9.0
Dodging        | 3 5 7 8 9 |  9.0
Earth Magic    | 7 10 12 15 | 15.0
Staves         | 2 9 10 12 13 14 | 14.0
Charms         | 4 |  4.1
Necromancy     | 4 |  4.1
Throwing       | |  1.0
Stealth        | |  1.0
Translocations | |  1.7
Fire Magic     | |  1.7
Air Magic      | |  1.0

Action                   |  1- 3 |  4- 6 |  7- 9 | 10-12 | 13-15 | 16-18 || total
-------------------------+-------+-------+-------+-------+-------+-------++-------
Melee: Whip              |     9 |     4 |       |       |       |       ||    13
       Long sword        |       |     4 |       |       |       |       ||     4
       War axe           |       |       |    35 |    16 |       |       ||    51
       Lajatang          |       |       |       |   204 |   519 |    28 ||   751
 Cast: Magic Dart        |   117 |   144 |   357 |     1 |     6 |       ||   625
       Conjure Flame     |       |     3 |    40 |    10 |       |       ||    53
       Mephitic Cloud    |       |     1 |     5 |     4 |     2 |       ||    12
       Blink             |       |       |     2 |     7 |    19 |     1 ||    29
       Stone Arrow       |       |       |    19 |   405 |   398 |    12 ||   834
       Iron Shot         |       |       |       |       |   132 |    47 ||   179
       Lee's Rapid Decon |       |       |       |       |    78 |    53 ||   131
       Regeneration      |       |       |       |       |     5 |     3 ||     8
       Passwall          |       |       |       |       |     2 |       ||     2
Evoke: Wand              |       |       |     2 |     5 |    27 |       ||    34
  Use: Scroll            |     1 |     5 |     5 |    11 |    14 |     5 ||    41
       Potion            |       |       |       |       |     7 |       ||     7
 Stab: Paralysed         |       |       |       |       |     1 |       ||     1
       Invisible         |       |       |       |       |     5 |       ||     5
       Sleeping          |       |       |       |       |     4 |       ||     4
       Distracted        |       |       |       |       |     1 |       ||     1
  Eat: Chunk             |     5 |    17 |    20 |    41 |   111 |    18 ||   212
Armor: Robe              |    12 |       |       |       |       |       ||    12
       Steam dragon scal |       |    19 |    34 |   101 |     2 |       ||   156
       Leather armour    |       |       |       |       |   208 |     7 ||   215
Dodge: Dodged            |    19 |    29 |    56 |   269 |   597 |    29 ||   999
       Rpst.: Long sword |       |     5 |     7 |       |       |       ||    12
